 Dungeon Crawl Stone Soup version 0.24.0-13-gcf9b319 (webtiles) character file.

Game seed: 2481943894754726709, levelgen mode: deterministic

98 Fang the Skirmisher (level 4, -1/29 HPs)
             Began as a Gargoyle Berserker on Dec 12, 2019.
             Was a Believer of Trog.
             Slain by an orc
             ... wielding a +0 flail
              (4 damage)
             ... on level 3 of the Dungeon.
             The game lasted 00:01:19 (1641 turns).

Fang the Skirmisher (Gargoyle Berserker)            Turns: 1641, Time: 00:01:20

Health: -1/29      AC:  5    Str: 21    XL:     4   Next: 69%
Magic:  4/4        EV: 12    Int:  8    God:    Trog [**....]
Gold:   143        SH:  0    Dex:  9    Spells: 3/3 levels left

rFire    . . .     SeeInvis .   d - +0 hand axe (chop)
rCold    . . .     Gourm    .   (no shield)
rNeg     + . .     Faith    .   b - +0 animal skin
rPois    ∞         Spirit   .   (no helmet)
rElec    +         Reflect  .   e - scarf {repulsion}
rCorr    +         Harm     .   (no gloves)
MR       .....                  (no boots)
Stlth    +.........             (no amulet)
HPRegen  0.09/turn              q - ring of resist corrosion
MPRegen  0.09/turn              (no ring)

@: repel missiles
A: negative energy resistance 1, electricity resistance, unbreathing,
petrification resistance, rot immunity, AC +3
a: Berserk, Trog's Hand, Renounce Religion


You were on level 3 of the Dungeon.
You worshipped Trog.
Trog was pleased with you.
You were not hungry.

You visited 1 branch of the dungeon, and saw 3 of its levels.

You collected 143 gold pieces.

Inventory:

Hand Weapons
 a - a +0 hand axe
 d - a +0 hand axe of chopping (weapon)
Armour
 b - a +0 animal skin (worn)
 e - a scarf of repulsion (worn)
Jewellery
 q - a ring of resist corrosion (left hand)
Scrolls
 h - a scroll of fog {unknown}
 i - 2 scrolls of enchant armour {unknown}
 k - 5 scrolls of identify {unknown}
 l - 3 scrolls of immolation {unknown}
 n - a scroll of enchant weapon {unknown}
 o - a scroll of magic mapping {unknown}
 p - 2 scrolls of amnesia {unknown}
 s - a scroll of noise {unknown}
Potions
 f - 2 potions of curing {unknown}
 g - a potion of mutation {unknown}
 m - a potion of berserk rage {unknown}
 r - 2 potions of heal wounds {unknown}
 t - a potion of might {unknown}
Comestibles
 c - 4 rations
 j - 3 chunks of flesh


   Skills:
 + Level 4.1 Fighting
 + Level 3.3 Axes
 + Level 3.2 Armour
 + Level 2.2 Dodging


You had 3 spell levels left.
You didn't know any spells.
Your spell library was empty.

Dungeon Overview and Level Annotations

Branches:
Dungeon (3/15)

Altars:


Innate Abilities, Weirdness & Mutations

You are resistant to torment.
Your stone body is resilient. (AC +3)
You are immune to poison.
You resist negative energy. (rN+)
You are resistant to electric shocks. (rElec)
You can survive without breathing.
You are immune to petrification.
You are immune to rotting.


Message History

You are too injured to fight recklessly!
You hit the orc.
You kill the orc!
Trog accepts your kill.
You barely miss the orc. The orc completely misses you.
The orc hits you with a +0 flail.
Things that are here:
a +0 club; a +0 leather armour; a scroll labeled OXTASA XANEENO The orc misses you.
The orc barely misses you.
Things that are here:
a +0 club; a +0 leather armour; a scroll labeled OXTASA XANEENO You barely miss the orc.
The orc is moderately wounded.
The orc hits you with a +0 flail.
* * * LOW HITPOINT WARNING * * *
You barely miss the orc.
The orc is moderately wounded.
The orc hits you with a +0 flail.
You die...

# #######.#
#######(...).. ##
#........... #.
#.........# #.
#......)..#########
#.
#......@..#.......#
#.
.....###o#.#.#####.#
#. ##. #.#.#.#...#.#
#. #.#.....#.#.# #.
#.###.###.#.# #. #.#
#.....#.#####. #.#
#######.#..... #.#
#.#.#### #...#


You could see an orc.

Vanquished Creatures
  3 adders (D:2)
  A gnoll (D:1)
  2 worms
  2 leopard geckos (D:2)
  3 orcs (D:3)
  3 bats
  A giant cockroach (D:1)
  6 goblins
  10 hobgoblins
  6 kobolds
  2 quokkas (D:2)
  6 frilled lizards
  4 rats
49 creatures vanquished.

Notes
Turn   | Place    | Note
-------+----------+-------------------------------------------
     0 | D:1      | Fang the Gargoyle Berserker began the quest for the Orb.
     0 | D:1      | Reached XP level 1. HP: 14/14 MP: 1/1
    98 | D:1      | Reached XP level 2. HP: 19/19 MP: 2/2
   312 | D:1      | Reached XP level 3. HP: 22/24 MP: 3/3
   845 | D:2      | Reached XP level 4. HP: 24/29 MP: 4/4
  1025 | D:2      | Reached skill level 4 in Fighting
  1456 | D:3      | Reached ** piety under Trog
  1641 | D:3      | Slain by an orc

Levels and vault maps discovered:
D:1:      tarquinn_simple_flora_water_a, layout_rooms, minmay_pentomino_t2
D:2:      layout_loops_ring, first_ration, minmay_lizard_king
D:3:      layout_basic

Skill      XL: |  1  2  3  4 |
---------------+-------------+-----
Axes           | 3 |  3.3
Dodging        | 2 |  2.2
Armour         | 3 |  3.2
Fighting       | 4 |  4.1

Action                   |  1- 3 |  4- 6 || total
-------------------------+-------+-------++-------
Melee: Hand axe          |    93 |    66 ||   159
Invok: Berserk           |     1 |       ||     1
 Stab: Sleeping          |       |     1 ||     1
  Eat: Chunk             |     1 |     3 ||     4
Armor: Animal skin       |    28 |    27 ||    55
Dodge: Dodged            |    56 |    51 ||   107
       Deflected         |     1 |       ||     1
